 Dungeon Crawl Stone Soup version 0.32-a0-699-g1ee5eff69a (webtiles) character file.

Game seed: 15356156388517497679

58 hikkokomori the Trooper (level 4, -1/52 HPs)
             Began as a Coglin Berserker on Mar 14, 2024.
             Was a Believer of Trog.
             Slain by Terence
             ... wielding a +0 morningstar
              (9 damage)
             ... on level 2 of the Dungeon.
             The game lasted 00:03:54 (1175 turns).

hikkokomori the Trooper (Coglin Berserker)          Turns: 1175, Time: 00:03:55

Health: -1/52      AC:  3    Str: 17    XL:     4   Next: 2%
Magic:  4/4        EV: 11    Int:  7    God:    Trog [**....]
Gold:   42         SH:  0    Dex: 15    Spells: 3/3 levels left

rFire   . . .        a - +0 short sword {Rodica}
rCold   . . .        c - +0 dagger {Tepiltzin}
rNeg    . . .        h - +0 leather armour
rPois   .            (no helmet)
rElec   .            (no cloak)
rCorr   .            (no gloves)
SInv    .            (no boots)
Will    .....        (amulet unavailable) Stlth
                     (ring unavailable)
HPRegen 0.28/turn    (ring unavailable)
MPRegen 0.09/turn    (no gizmo)

%: no passive effects
@: berserking, revved, very quick
A: off-hand wielding, slow wielding, warmup strikes, no jewellery
a: Invent Gizmo, Renounce Religion, Berserk, Trog's Hand


You were on level 2 of the Dungeon.
You worshipped Trog.
Trog was pleased with you.
You visited 1 branch of the dungeon, and saw 2 of its levels.

You collected 42 gold pieces.

Inventory:

Hand Weapons
 a - a +0 short sword (weapon) {Rodica}
 c - a +0 dagger (offhand) {Tepiltzin}
 i - a +0 mace
Missiles
 l - 2 atropa-tipped darts (quivered)
 m - 4 poisoned darts
Armour
 b - a +0 animal skin
 h - a +0 leather armour (worn)
Scrolls
 d - 3 scrolls of identify {unknown}
 e - 3 scrolls of teleportation {unknown}
 f - a scroll of noise {unknown}
 j - a scroll of enchant weapon {unknown}
 n - a scroll of poison {unknown}
 o - a scroll of immolation {unknown}
Potions
 g - a potion of cancellation {unknown}
 k - a potion of degeneration {unknown}


   Skills:
 + Level 3.5 Fighting
 + Level 3.2 Short Blades
 + Level 0.7 Maces & Flails
 - Level 2.2 Armour
 - Level 2.2 Dodging


You had 3 spell levels left.
You didn't know any spells.
Your spell library was empty.

Dungeon Overview and Level Annotations

Branches:
Dungeon (2/15)

Altars:

Annotations:
D:2 Terence


Innate Abilities, Weirdness & Mutations

You can wield a second weapon in your off-hand.
It takes a long time for you to wield or remove held weapons.
Your first few attacks do less damage.
You cannot equip rings or amulets.


Message History

You hit the hobgoblin with your +0 short sword.
The hobgoblin hits you.
You hit the hobgoblin with your +0 short sword.
You kill the hobgoblin!
Trog accepts your kill.
No target in view!
No target in view!
No target in view!
No target in view!
No target in view!
No target in view!
Found an escape hatch in the ceiling.
Terence shouts!
You hit Terence with your +0 dagger.
Terence is lightly wounded.
You hit Terence with your +0 short sword.
Terence closely misses you.
You hit Terence but do no damage.
Terence is lightly wounded.
You hit Terence but do no damage.
You barely miss Terence with your +0 short sword.
Terence is lightly wounded.
You hit Terence but do no damage. Terence hits you with a +0 morningstar!
You hit Terence with your +0 short sword.
Terence is moderately wounded.
You barely miss Terence with your +0 dagger.
Terence hits you with a +0 morningstar!
You closely miss Terence with your +0 short sword.
Terence is moderately wounded.
You hit Terence but do no damage. Terence hits you with a +0 morningstar!
* * * LOW HITPOINT WARNING * * *
A red film seems to cover your vision as you go berserk!
You feel yourself moving faster!
You feel mighty! Terence barely misses you.
You closely miss Terence with your +0 short sword.
Terence is moderately wounded.
You hit Terence but do no damage. Terence shouts, "Now you die!"
Terence hits you with a +0 morningstar!
You die...
Terence says, "That felt goooood."

#.............>....
###..........#..###
....................
##.######...##..##.. #..##
#..## ..#.#
###..####...####.#.#
.###......#...##.#.#
...........##.##@#.#
.#######.#....##@#.# .##
#...#..##...##
..########....####..#######.
.....)..).)...............<.
#.##########......##.######
#..## ####.#.......####
....#######......###......#.#
##..........##..............#
##..............#..###.######


You could see Terence.

Vanquished Creatures
  An adder (D:2)
  A dart slug (D:2)
  A bat (D:1)
  An endoplasm (D:1)
  A giant cockroach (D:1)
  7 goblins
  7 hobgoblins
  9 jackals
  4 ball pythons
  3 frilled lizards (D:1)
  3 kobolds
  5 rats
43 creatures vanquished.

Notes
Turn   | Place    | Note
-------+----------+-------------------------------------------
     0 | D:1      | hikkokomori the Coglin Berserker began the quest for the
                  | Orb.
     0 | D:1      | Reached XP level 1. HP: 18/18 MP: 1/1
    65 | D:1      | Reached XP level 2. HP: 19/24 MP: 2/2
   324 | D:1      | Reached ** piety under Trog
   329 | D:1      | Reached XP level 3. HP: 25/29 MP: 3/3
   679 | D:1      | Found a faded altar of an unknown god.
   889 | D:2      | Noticed Terence
  1028 | D:2      | Reached XP level 4. HP: 33/35 MP: 4/4
  1175 | D:2      | Slain by Terence

Illustrated notes

Levels and vault maps discovered:
D:1:      onia_arrival_pyramid, layout_rooms, shapermc_ecumenical_altar_petra,
          chequers_serial_rivers_marsh
D:2:      layout_rooms, uniq_terence

Skill      XL: |  1  2 |
---------------+-------+-----
Armour         | 2 |  2.2
Dodging        | 2 |  2.2
Short Blades   | 3 |  3.2
Fighting       | |  3.5
Maces & Flails | |  0.7

Action                     |  1- 3 |  4- 6 || total
---------------------------+-------+-------++-------
  Melee: Short sword       |   104 |     9 ||   113
         Dagger            |   101 |     8 ||   109
 Invoke: Berserk           |       |     1 ||     1
 Armour: Animal skin       |    25 |       ||    25
         Leather armour    |    46 |     5 ||    51
         Skin              |     4 |       ||     4
  Dodge: Dodged            |    60 |     3 ||    63

Table legend: (Time is in decaauts)
 A = Elapsed time spent in this place.
 B = Non-inter-level travel time spent in this place.
 C = Inter-level travel time spent in this place.
 D = Time resting spent in this place.
 E = Time spent auto-exploring this place.
 F = Levels seen in this place.
 G = Mean time per level.
                   A        B        C        D        E       F      G
               +--------+--------+--------+--------+--------+-----+--------+
         Total |   1158 |   1152 |      6 |     17 |    798 |   2 |  579.0 |
       Dungeon |   1158 |   1152 |      6 |     17 |    798 |   2 |  579.0 |
               +--------+--------+--------+--------+--------+-----+--------+

Top non-repeatable levels by time:
     D:1: 730 daAuts
     D:2: 428 daAuts
